 Dungeon Crawl Stone Soup version 0.31-a0-102-g33a4ccc0cb (webtiles) character file.

Game seed: 5788344490137074577

104 kae the Changer (level 4, -26/35 HPs)
             Began as a Draconian Transmuter on May 26, 2023.
             Annihilated by an ogre
             ... wielding a +0 giant spiked club
              (37 damage)
             ... on level 4 of the Dungeon.
             The game lasted 00:02:40 (3180 turns).

kae the Changer (Draconian Transmuter)              Turns: 3180, Time: 00:02:40

Health: -26/35     AC:  2    Str: 12    XL:     4   Next: 52%
Magic:  5/8        EV: 19    Int: 15    God:
Gold:   193        SH:  0    Dex: 17    Spells: 3/9 levels left

rFire   . .          .
                       - Unarmed
rCold   . . .        (shield currently unavailable)
rNeg    . . .        (body armour unavailable)
rPois   x            (helmet currently unavailable)
rElec   .            j - melded +0 cloak
rCorr   .            i - melded +1 pair of gloves
SInv    .            (boots currently unavailable)
Will    .....        (no amulet)
Stlth   ++           (no ring)
HPRegen 0.25/turn    (no ring)
MPRegen 0.11/turn

%: no passive effects
@: spider-form
A: venomous fangs, AC +5, tiny, unfitting armour, (cold-blooded)
a: End Transformation


You were on level 4 of the Dungeon.
You were a venomous arachnid creature.
You visited 1 branch of the dungeon, and saw 4 of its levels.

You collected 193 gold pieces.


Innate Abilities, Weirdness & Mutations

You are a venomous arachnid creature.
You have venomous fangs.
You are tiny and dextrous.
Your spellcasting is less reliable in this form.
Your armour is entirely melded.
You are incapable of wielding weapons or throwing items.
((Your plain brown scales are hard. (AC +5)))
You cannot fit into any form of body armour.
((You are cold-blooded and may be slowed by cold attacks.))


   Skills:
 - Level 1.1 Fighting
 - Level 1.7 Dodging
 - Level 3.0 Unarmed Combat
 + Level 3.0 Spellcasting
 * Level 4.1 Transmutations


You had 3 spell levels left.
You knew the following spells:

 Your Spells              Type           Power      Damage    Failure   Level
a - Beastly Appendage     Tmut           28%        N/A       12%         1
b - Wereblood             Tmut           14%        N/A       16%         2
c - Spider Form           Tmut/Pois      7%         N/A       52%         3

Your spell library contained the following spells:

 Spells                   Type           Power      Damage    Failure   Level
 Tukima's Dance           Hex            2%         N/A       73%         3
 Ice Form                 Ice/Tmut       7%         N/A       86%         4
 Passage of Golubria      Tloc           2%         N/A       97%         4
 Yara's Violent Unravell  Hex/Tmut       3%         3d4       99%         5
 Simulacrum               Ice/Necr       0%         N/A       100%        6
 Ozocubu's Refrigeration  Ice            1%         4d7       100%        7
 Polar Vortex             Ice            1%         N/A       100%        9

Inventory:

Missiles
 d - 33 stones
 k - 6 poisoned darts
 t - 2 boomerangs
Armour
 i - a +1 pair of gloves (melded)
   (You found it on level 2 of the Dungeon)
 j - a +0 cloak (melded)
   (You found it on level 2 of the Dungeon)
Magical Staves
 g - a staff of death {!a}
   (You found it on level 2 of the Dungeon)
 q - a staff of air {!a}
   (You found it on level 3 of the Dungeon)
Scrolls
 b - 4 scrolls of poison {!r}
 c - 3 scrolls of teleportation {@r4}
 h - a scroll of magic mapping {!r}
Potions
 a - 3 potions of lignification {!q}
 e - a potion of haste {@q3}
 f - a potion of curing {@q1}
 l - 2 potions of mutation {unknown}
 m - 2 potions of heal wounds {unknown}
 n - 2 potions of brilliance
 o - a potion of degeneration {unknown}
 p - 2 potions of ambrosia
 r - a potion of magic {unknown}

Dungeon Overview and Level Annotations

Branches:
Dungeon (4/15) Zot: 20828  Temple (0/1) D:4

Altars:
Xom

Shops:
D:2

( .. ...# ## ## #.
.#.#
......##.#####...#
#.............∩###
#..# #..#[..)...#
##...## #..).......
..§§~.. #..........
.~~§~~.##..).......
~~§§~§§Os..........
~§§>§§§###.........
~§§§~~~ ##...#...#
.~§§§~g.###.####..#
..~~~......<# #.#
........##### .#
....... .......


You could see an ogre (very poisoned).


Message History

Unknown command.
A kobold is nearby!
You closely miss the kobold. Your headbutt misses the kobold.
The kobold closely misses you.
You hit the kobold but do no damage. You claw the kobold.
You kill the kobold!
Your transformation is almost over.
Your horns disappear.
Your talons disappear.
Done exploring. 😎 MP[+1]
Your mp is fully restored (8).
Done exploring.
Done exploring.
Done exploring.
Done exploring.
As you read the scroll labelled ZOASTUIKHLA, it crumbles to dust.
A profound silence engulfs you.
It was a scroll of silence.
Unknown command.
Magic scrolls do not work when you're silenced!
Done exploring.
Done exploring.
Done exploring.
(D) Dungeon
Where to? (Enter - D:3, ? - help)
There is an escape hatch in the ceiling here.
There is a stone staircase leading down here.
You climb downwards.
There is a stone staircase leading up here.
Unknown command.
A kobold comes into view. It is wielding a +0 dagger.
A kobold is nearby!
A kobold is nearby!
The kobold throws a stone.
The stone barely misses you.
There is a stone staircase leading up here.
The kobold throws a stone.
The stone hits you but does no damage. The kobold hits you but does no damage.
You hit the kobold but do no damage. The kobold misses you.
You hit the kobold but do no damage. The kobold barely misses you.
You hit the kobold but do no damage. You tail-slap the kobold.
The kobold hits you but does no damage.
You hit the kobold. The kobold closely misses you.
You hit the kobold.
You kill the kobold!
Your hearing returns.
As you read the scroll of identify {@r1}, it crumbles to dust.
n - 2 potions of brilliance
As you read the scroll of identify {@r1}, it crumbles to dust.
f - a potion of curing
Okay, then.
Okay, then.
d - 33 stones (gained 3)
Things that are here:
a +0 dagger; a kobold corpse
Found a staircase to the Ecumenical Temple.
r - a bubbling golden potion You see here a +0 dagger.
You see here an orb of guile.
An ogre and a hobgoblin come into view.
The ogre shouts!
The hobgoblin shouts!
You hear a bark!
Okay, then.
Casting: Beastly Appendage (safe; 3% risk of failure)
Confirm with . or Enter, or press ? or * to list all spells.
You grow a pair of large bovine horns.
Your feet morph into talons. 😎 MP[-1]
You lost 1 mp, and now have 7/8 mp.
Casting: Beastly Appendage (safe; 3% risk of failure)
Confirm with . or Enter, or press ? or * to list all spells.
The spell is quite dangerous to miscast (30% risk of failure)!
Continue anyway? [Y]es or [N]o only, please.
The spell is quite dangerous to miscast (30% risk of failure)!
Continue anyway?
Your horns disappear.
Your talons disappear.
You turn into a venomous arachnid creature.
Your +0 cloak melds into your body.
Your +1 pair of gloves melds into your body. 😎 MP[-3]
You lost 3 mp, and now have 4/8 mp.
Casting: Spider Form (extremely dangerous; 52% risk of failure)
Confirm with . or Enter, or press ? or * to list all spells.
You lack blood to transform.
Unknown command.
You hit the hobgoblin but do no damage.
The hobgoblin is poisoned.
The hobgoblin misses you.
You hit the hobgoblin but do no damage.
The hobgoblin looks even sicker.
The hobgoblin closely misses you.
You barely miss the hobgoblin. The hobgoblin misses you.
You hit the hobgoblin.
You kill the hobgoblin! 😎 MP[+1]
You hit the ogre.
The ogre is poisoned.
The ogre hits you with a +0 giant spiked club!!
Ouch! That really hurt!
* * * LOW HITPOINT WARNING * * *
You are too injured to fight recklessly! 😨 HP[-25]
You take 25 damage, and now have 10/35 hp.
MASSIVE DAMAGE!! (PAUSE)
You hit the ogre but do no damage.
The ogre hits you with a +0 giant spiked club!!!
Ouch! That really hurt!
You die...

Skill      XL: |  1  2  3  4 |
---------------+-------------+-----
Transmutations | 3 4 |  4.1
Spellcasting   | 3 |  3.0
Fighting       | |  1.1
Dodging        | |  1.7
Unarmed Combat | |  3.0

Action                     |  1- 3 |  4- 6 || total
---------------------------+-------+-------++-------
  Melee: Unarmed           |   104 |    50 ||   154
         Headbutt          |    16 |     8 ||    24
         Kick              |    13 |    11 ||    24
         Tailslap          |     8 |     8 ||    16
         Punch             |     1 |     2 ||     3
   Cast: Beastly Appendage |    21 |    13 ||    34
         Wereblood         |     2 |       ||     2
         Spider Form       |     1 |     1 ||     2
    Use: Scroll            |     8 |     3 ||    11
 Armour: Skin              |    36 |    19 ||    55
  Dodge: Dodged            |    63 |    25 ||    88

Levels and vault maps discovered:
D:1:      elethiomel_arrival_fortress_basement, layout_basic,
          shapermc_ecumenical_altar_mp_urbaneastern
D:2:      layout_loops_corners, serial_shops, shop, minmay_joined_circles
D:3:      layout_basic, mainiacjoe_overflow_six_doors_small,
          hangedman_decor_push, dreamdust_princess_bridge
D:4:      layout_rooms, minmay_temple_entry_mist, abandoned_shop

Notes
Turn   | Place    | Note
-------+----------+-------------------------------------------
     0 | D:1      | kae the Draconian Transmuter began the quest for the Orb.
     0 | D:1      | Reached XP level 1. HP: 16/16 MP: 3/3
     0 | D:1      | magus.rc [v1.11.3]
    49 | D:1      | You fall into a shaft and drop 1 floor!
   214 | D:2      | You pick up a book of Changes and begin reading...
   253 | D:2      | Reached XP level 2. HP: 16/23 MP: 3/5
   344 | D:2      | Reached skill level 3 in Transmutations
   355 | D:2      | Learned a level 2 spell: Wereblood
   414 | D:2      | Reached XP level 3. HP: 22/28 MP: 6/6
   448 | D:2      | Learned a level 3 spell: Spider Form
   591 | D:2      | You add the spells Tukima's Dance, Passage of Golubria and
                  | Yara's Violent Unravelling to your library.
   781 | D:2      | Found Fejair's Antique Weapon Emporium.
   795 | D:1      | Found a faded altar of an unknown god.
  1738 | D:2      | Reached XP level 4. HP: 35/35 MP: 6/8
  1938 | D:2      | You pick up a book of Ice and begin reading...
  1938 | D:2      | You add the spells Simulacrum, Ozocubu's Refrigeration and
                  | Polar Vortex to your library.
  2893 | D:3      | Reached skill level 4 in Transmutations
  2940 | D:3      | Found a shimmering altar of Xom.
  2975 | D:3      | Reached skill level 3 in Spellcasting
  3159 | D:4      | Found a staircase to the Ecumenical Temple.
  3168 | D:4      | Noticed an ogre
  3180 | D:4      | Annihilated by an ogre

Vanquished Creatures
  A gnoll (D:2)
  3 adders
  A worm (D:2)
  2 dart slugs (D:1)
  An orc (D:3)
  4 ball pythons
  9 endoplasms
  A giant cockroach (D:1)
  9 hobgoblins
  2 jackals (D:2)
  A quokka (D:1)
  A bat (D:2)
  3 frilled lizards
  6 goblins
  9 kobolds
  3 rats
56 creatures vanquished.

Table legend:
 A = Non-vault XP
 B = Vault XP
 C = Vault XP percentage of total XP
 D = Non-vault monster count
 E = Vault monster count
 F = Vault count percentage of total count
                 A         B        C        D         E       F
            +---------+---------+-------+---------+---------+-------
      Total |     112 |      37 |  24.8 |      43 |      13 |  23.2
            +---------+---------+-------+---------+---------+-------
        D:1 |      27 |       1 |   3.6 |      14 |       1 |   6.7
        D:2 |      40 |      36 |  47.4 |      17 |      12 |  41.4
        D:3 |      41 |       0 |   0.0 |      10 |       0 |   0.0
        D:4 |       4 |       0 |   0.0 |       2 |       0 |   0.0
            +---------+---------+-------+---------+---------+-------

Skill      XL: |  1  2  3  4 |
---------------+-------------+-----
Transmutations | 3 4 |  4.1
Spellcasting   | 3 |  3.0
Fighting       | |  1.1
Dodging        | |  1.7
Unarmed Combat | |  3.0

Action                     |  1- 3 |  4- 6 || total
---------------------------+-------+-------++-------
  Melee: Unarmed           |   104 |    50 ||   154
         Headbutt          |    16 |     8 ||    24
         Kick              |    13 |    11 ||    24
         Tailslap          |     8 |     8 ||    16
         Punch             |     1 |     2 ||     3
   Cast: Beastly Appendage |    21 |    13 ||    34
         Wereblood         |     2 |       ||     2
         Spider Form       |     1 |     1 ||     2
    Use: Scroll            |     8 |     3 ||    11
 Armour: Skin              |    36 |    19 ||    55
  Dodge: Dodged            |    63 |    25 ||    88

Illustrated notes

Table legend:
 A = Kills in this place as a percentage of kills in the entire game.
 B = Kills by you in this place as a percentage of kills by you in the entire game.
 C = Kills by friends in this place as a percentage of kills by friends in the entire game.
 D = Other kills in this place as a percentage of other kills in the entire game.
 E = Experience gained in this place as a percentage of experience gained in the entire game.
 F = Experience gained in this place divided by the number of levels of this place that you have seen.
                   A       B       C       D       E      F
               +-------+-------+-------+-------+-------+----------------------
         Total | 100.0 | 100.0 |   N/A |   N/A | 100.0 |  37.2
       Dungeon | 100.0 | 100.0 |   N/A |   N/A | 100.0 |  37.2
               +-------+-------+-------+-------+-------+----------------------

Table legend: (Time is in decaauts)
 A = Elapsed time spent in this place.
 B = Non-inter-level travel time spent in this place.
 C = Inter-level travel time spent in this place.
 D = Time resting spent in this place.
 E = Time spent auto-exploring this place.
 F = Levels seen in this place.
 G = Mean time per level.
                   A        B        C        D        E       F      G
               +--------+--------+--------+--------+--------+-----+--------+
         Total |   3170 |   3054 |    116 |     27 |   2451 |   4 |  792.5 |
       Dungeon |   3170 |   3054 |    116 |     27 |   2451 |   4 |  792.5 |
               +--------+--------+--------+--------+--------+-----+--------+

Top non-repeatable levels by time:
     D:2: 1115 daAuts
     D:3: 1025 daAuts
     D:1: 985 daAuts
     D:4: 44 daAuts
